 Dungeon Crawl Stone Soup version 0.32-a0-779-g362cfcae2a (webtiles) character file.

Game seed: 773326318713158308

254 retardedninja the Trooper (level 6, -3/50 HPs)
             Began as a Coglin Fighter on Mar 19, 2024.
             Slain by a gnoll
             ... wielding a +0 spear
              (5 damage)
             ... on level 4 of the Dungeon.
             The game lasted 00:05:10 (2618 turns).

retardedninja the Trooper (Coglin Fighter)          Turns: 2618, Time: 00:05:10

Health: -3/50      AC: 10    Str: 15 (18) XL:     6   Next: 15%
Magic:  6/6        EV:  6    Int:  6 (7)  God:
Gold:   137        SH:  0    Dex: 12 (14) Spells: 5/5 levels left

rFire   . . .        a - +0 war axe {Mettia}
rCold   . . .        f - +0 long sword {Sukanya}
rNeg    . . .        n - +0 chain mail
rPois   .            (no helmet)
rElec   .            (no cloak)
rCorr   .            l - +0 pair of gloves
SInv    .            (no boots)
Will    +....        (amulet unavailable) Stlth
                     (ring unavailable)
HPRegen 0.28/turn    (ring unavailable)
MPRegen 0.10/turn    (no gizmo)

%: no passive effects
@: enlightened, flying, revving
A: off-hand wielding, slow wielding, warmup strikes, no jewellery
a: Invent Gizmo


You were on level 4 of the Dungeon.
You visited 1 branch of the dungeon, and saw 4 of its levels.

You collected 137 gold pieces.

Inventory:

Hand Weapons
 a - a +0 war axe (weapon) {Mettia}
 f - a +0 long sword (offhand) {Sukanya}
Armour
 l - a +0 pair of gloves (worn)
 n - a +0 chain mail (worn)
Talismans
 o - a blade talisman
Wands
 m - a wand of flame (9)
Scrolls
 d - a scroll of torment {unknown}
 e - a scroll of silence {unknown}
 g - a scroll of immolation {unknown}
 h - 6 scrolls of identify {unknown}
 i - a scroll of summoning {unknown}
 j - a scroll of fear {unknown}
 k - a scroll of teleportation {unknown}


   Skills:
 * Level 4.8 Fighting
 * Level 4.2 Axes
 - Level 2.6 Armour
 + Level 3.0 Shields


You had 5 spell levels left.
You didn't know any spells.
Your spell library was empty.

Dungeon Overview and Level Annotations

Branches:
Dungeon (4/15)
 Temple: D:4-7

Altars:
Wu Jian


Innate Abilities, Weirdness & Mutations

You can wield a second weapon in your off-hand.
It takes a long time for you to wield or remove held weapons.
Your first few attacks do less damage.
You cannot equip rings or amulets.


Message History

You hit the gnoll but do no damage. The gnoll barely misses you.
The gnoll hits you from afar with a +0 halberd.
* * * LOW HITPOINT WARNING * * *
The gnoll hits you but does no damage.
It was a potion of curing.
You feel better. The gnoll hits you but does no damage.
The gnoll barely misses you. x2
You barely miss the gnoll with your +0 war axe.
The gnoll is heavily wounded.
You slash the gnoll with your +0 long sword!
You kill the gnoll!
The gnoll barely misses you.
The gnoll throws a throwing net.
The throwing net hits you.
You become entangled in the net!
Your Shields skill increases to level 3!
You struggle against the net.
The gnoll hits you from afar with a +0 spear!
The gnoll hits you from afar with a +0 halberd!
* * * LOW HITPOINT WARNING * * *
You tear a large gash into the net.
The gnoll hits you but does no damage.
The gnoll hits you from afar with a +0 halberd.
* * * LOW HITPOINT WARNING * * *
Unknown command.
It was a potion of magic.
Magic courses through your body.
The gnoll hits you from afar with a +0 spear.
* * * LOW HITPOINT WARNING * * *
The gnoll hits you from afar with a +0 halberd.
* * * LOW HITPOINT WARNING * * *
It was a potion of enlightenment.
You feel very buoyant.
You fly up into the air.
The gnoll hits you but does no damage. x2
It was a potion of degeneration.
There was something very wrong with that liquid.
You feel weakened.
You feel dopey.
You feel clumsy. The gnoll hits you but does no damage.
The gnoll hits you from afar with a +0 spear.
* * * LOW HITPOINT WARNING * * *
You struggle against the net.
The gnoll barely misses you. The gnoll hits you but does no damage.
You rip the net and break free!
The gnoll hits you from afar with a +0 spear.
You die...

<..... ...... #...
......# #.. .#
....... #.. .##
....... #.# .$
......(###.##. #
......g.##.#.#.#
......g)@..#.#.#
......###.!....##>#
..... ###........
#### #....#...
##.##..# + #..# ..#
#.<# .# #.## # #.


You could see 2 gnolls.

Vanquished Creatures
  Sigmund (D:3)
  2 gnolls (D:4)
  4 adders
  4 dart slugs
  A ribbon worm (D:2)
  5 bats
  An endoplasm (D:3)
  A giant cockroach (D:3)
  2 goblins
  4 hobgoblins
  4 quokkas
  2 ball pythons
  3 kobolds
  4 rats
38 creatures vanquished.

Notes
Turn   | Place    | Note
-------+----------+-------------------------------------------
     0 | D:1      | retardedninja the Coglin Fighter began the quest for the
                  | Orb.
     0 | D:1      | Reached XP level 1. HP: 18/18 MP: 1/1
   108 | D:1      | Reached XP level 2. HP: 24/24 MP: 2/2
   163 | D:1      | Found a faded altar of an unknown god.
   761 | D:2      | Reached XP level 3. HP: 29/29 MP: 3/3
   830 | D:2      | Identified the +1 leather armour "Neda" {Fly rPois}
  1323 | D:2      | Found an ornate altar of the Wu Jian Council.
  1667 | D:3      | Noticed Sigmund
  1669 | D:3      | Reached XP level 4. HP: 28/37 MP: 4/4
  1675 | D:3      | Killed Sigmund
  1676 | D:3      | Reached XP level 5. HP: 11/43 MP: 5/5
  1853 | D:3      | Reached XP level 6. HP: 49/49 MP: 6/6
  2616 | D:4      | HP: 2/50 [gnoll/+0 spear (3)]
  2618 | D:4      | Slain by a gnoll

Illustrated notes

Levels and vault maps discovered:
D:1:      minmay_arrival_split_and_join, layout_loops_ring,
          chequers_ecumenical_altar_grove
D:2:      wad_lake_hut, layout_loops_ring, basic_altar
D:3:      layout_basic, uniq_sigmund
D:4:      minmay_chambers_of_threes, layout_rooms, marbit_many_paths,
          nicolae_overflow_squiral, mainiacjoe_sewer_entry_somewhere_in_here_1,
          minmay_goblin_kobold_house, uniq_menkaure

Skill      XL: |  1  2  3  4  5  6 |
---------------+-------------------+-----
Axes           | 3 4 |  4.2
Fighting       | 4 |  4.8
Shields        | 3 |  3.0
Armour         | |  2.6

Action                     |  1- 3 |  4- 6 || total
---------------------------+-------+-------++-------
  Melee: War axe           |    44 |    23 ||    67
         Long sword        |    38 |    22 ||    60
    Use: Potion            |       |     5 ||     5
 Armour: Scale mail        |    41 |    10 ||    51
         Chain mail        |       |    33 ||    33
  Dodge: Dodged            |    23 |    16 ||    39
  Block: Buckler           |     1 |       ||     1

Table legend: (Time is in decaauts)
 A = Elapsed time spent in this place.
 B = Non-inter-level travel time spent in this place.
 C = Inter-level travel time spent in this place.
 D = Time resting spent in this place.
 E = Time spent auto-exploring this place.
 F = Levels seen in this place.
 G = Mean time per level.
                   A        B        C        D        E       F      G
               +--------+--------+--------+--------+--------+-----+--------+
         Total |   2692 |   2475 |    217 |      0 |   2158 |   4 |  673.0 |
       Dungeon |   2692 |   2475 |    217 |      0 |   2158 |   4 |  673.0 |
               +--------+--------+--------+--------+--------+-----+--------+

Top non-repeatable levels by time:
     D:2: 991 daAuts
     D:3: 980 daAuts
     D:1: 690 daAuts
     D:4: 29 daAuts
